| TOP OF THE 1ST |
|
California Angels batting - Pitching for Toronto Blue Jays : RHP Ron Romanick
|
|
Pitching: RHP Ron Romanick
|
|
|
Batting: RHB Frank White
|
0-0: Ball 1-0: Ball 2-0: Fly out, F8 (Flyball, 8RD, EV 103.8 MPH)
|
|
Batting: RHB Carlos Pimentel
|
0-0: Ball 1-0: Called Strike 1-1: Ball 2-1: Ball 3-1: Called Strike 3-2: Foul Ball, location: 2F 3-2: Foul Ball, location: 2F 3-2: Foul Ball, location: 2F 3-2: SOLO HOME RUN (Flyball, 7LD, EV 104.4 MPH), Distance : 370 ft
|
|
Batting: SHB Jon Hernandez
|
0-0: Swinging Strike 0-1: Ball 1-1: Foul Ball, location: 2F 1-2: Ball 2-2: Fly out, F7 (Flyball, 7LD, EV 97.5 MPH)
|
|
Batting: LHB Jason D Thompson
|
0-0: Ball 1-0: Called Strike 1-1: Fly out, F8 (Flyball, 8RD, EV 93.1 MPH)
|
| Top of the 1st over - 1 run, 1 hit, 0 errors, 0 left on base; California 1 - Toronto 0 |
| BOTTOM OF THE 1ST |
|
Toronto Blue Jays batting - Pitching for California Angels : RHP Rafael Jimenez
|
|
Pitching: RHP Rafael Jimenez
|
|
|
Batting: LHB Sheldon Mallory
|
0-0: Ball 1-0: Called Strike 1-1: Ball 2-1: Ball 3-1: Foul Ball, location: 2F 3-2: Strikes out swinging
|
|
Batting: RHB Jose Gonzalez
|
0-0: Ball 1-0: Ball 2-0: Fly out, F8 (Flyball, 89D, EV 86.3 MPH)
|
|
Batting: RHB Andres Galarraga
|
0-0: Foul Ball, location: 2F 0-1: Swinging Strike 0-2: Ball 1-2: Strikes out swinging
|
| Bottom of the 1st over - 0 runs, 0 hits, 0 errors, 0 left on base; California 1 - Toronto 0 |
| TOP OF THE 2ND |
|
California Angels batting - Pitching for Toronto Blue Jays : RHP Ron Romanick
|
|
Batting: RHB Charlie Moore
|
0-0: Ball 1-0: Called Strike 1-1: Ground out U3 (Groundball, 34, EV 108.1 MPH)
|
|
Batting: LHB John Milner
|
0-0: Ball 1-0: Foul Ball, location: 2F 1-1: Foul Ball, location: 2F 1-2: Foul Ball, location: 2F 1-2: SINGLE (Flyball, 8LS, EV 94.4 MPH)
|
|
Batting: SHB Manny Castillo
|
0-0: Ground out 4-3 (Groundball, 4, EV 85.6 MPH) John Milner to second
|
|
Batting: SHB Ignacio Medina
|
0-0: Ball 1-0: Ground out 3-1 (Groundball, 34, EV 81.9 MPH)
|
| Top of the 2nd over - 0 runs, 1 hit, 0 errors, 1 left on base; California 1 - Toronto 0 |
| BOTTOM OF THE 2ND |
|
Toronto Blue Jays batting - Pitching for California Angels : RHP Rafael Jimenez
|
|
Batting: RHB Juan Monasterio
|
0-0: Ball 1-0: Ball 2-0: Called Strike 2-1: Foul Ball, location: 2F 2-2: Ball 3-2: Foul Ball, location: 2F 3-2: Strikes out swinging
|
|
Batting: LHB Darryl Strawberry
|
0-0: Called Strike 0-1: Called Strike 0-2: Strikes out swinging
|
|
Batting: RHB Cal Ripken
|
0-0: Called Strike 0-1: DOUBLE (Line Drive, 89XD, EV 103.8 MPH)
|
|
Batting: LHB Paul O'Neill
|
0-0: Ball 1-0: Called Strike 1-1: Foul Ball, location: 2F 1-2: Strikes out swinging
|
| Bottom of the 2nd over - 0 runs, 1 hit, 0 errors, 1 left on base; California 1 - Toronto 0 |
| TOP OF THE 3RD |
|
California Angels batting - Pitching for Toronto Blue Jays : RHP Ron Romanick
|
|
Batting: RHB Rafael Ramirez
|
0-0: Foul Ball, location: 2F 0-1: Foul Ball, location: 2F 0-2: Ground out 6-3 (Groundball, 6, EV 88.8 MPH)
|
|
Batting: RHB Frank White
|
0-0: SINGLE (Line Drive, 7LS, EV 86.9 MPH)
|
|
Batting: RHB Carlos Pimentel
|
0-0: Called Strike Frank White is caught stealing 2nd base 2-4 0-1: Ball 1-1: Foul Ball, location: 2F 1-2: Strikes out swinging
|
| Top of the 3rd over - 0 runs, 1 hit, 0 errors, 0 left on base; California 1 - Toronto 0 |
| BOTTOM OF THE 3RD |
|
Toronto Blue Jays batting - Pitching for California Angels : RHP Rafael Jimenez
|
|
Batting: RHB Fritzie Connally
|
0-0: Called Strike 0-1: Swinging Strike 0-2: Strikes out looking
|
|
Batting: SHB Harold Reynolds
|
0-0: Ball 1-0: Called Strike 1-1: Called Strike 1-2: Ground out 4-3 (Groundball, 4, EV 81.3 MPH)
|
|
Batting: LHB Sheldon Mallory
|
0-0: Called Strike 0-1: Foul Ball, location: 2F 0-2: Strikes out swinging
|
| Bottom of the 3rd over - 0 runs, 0 hits, 0 errors, 0 left on base; California 1 - Toronto 0 |
| TOP OF THE 4TH |
|
California Angels batting - Pitching for Toronto Blue Jays : RHP Ron Romanick
|
|
Batting: SHB Jon Hernandez
|
0-0: Called Strike 0-1: Called Strike 0-2: Fly out, F7 (Flyball, 78D, EV 96.3 MPH)
|
|
Batting: LHB Jason D Thompson
|
0-0: Ball 1-0: Ball 2-0: Foul Ball, location: 2F 2-1: Ball 3-1: Ground out 4-3 (Groundball, 4MD, EV 101.9 MPH)
|
|
Batting: RHB Charlie Moore
|
0-0: Called Strike 0-1: Ball 1-1: SINGLE (Groundball, 6M, EV 105.6 MPH) (infield hit)
|
|
Batting: LHB John Milner
|
0-0: Ball Charlie Moore steals 2nd base 1-0: Ball 2-0: SINGLE (Groundball, 34D, EV 95.0 MPH) Charlie Moore to third Runner from 3rd tries for Home, SAFE, throw by RF to home
|
|
Batting: SHB Manny Castillo
|
0-0: Called Strike John Milner steals 2nd base 0-1: Ball 1-1: Foul Ball, location: 2F 1-2: Fly out, F7 (Line Drive, 7LS, EV 106.3 MPH)
|
| Top of the 4th over - 1 run, 2 hits, 0 errors, 1 left on base; California 2 - Toronto 0 |
| BOTTOM OF THE 4TH |
|
Toronto Blue Jays batting - Pitching for California Angels : RHP Rafael Jimenez
|
|
Batting: RHB Jose Gonzalez
|
0-0: Ball 1-0: Called Strike 1-1: Ground out 5-3 (Groundball, 5L, EV 107.5 MPH)
|
|
Batting: RHB Andres Galarraga
|
0-0: Ball 1-0: Ball 2-0: Fly out, F4 (Popup, 4MS, EV 79.4 MPH)
|
|
Batting: RHB Juan Monasterio
|
0-0: Fly out, F9 (Flyball, 9D, EV 72.5 MPH)
|
| Bottom of the 4th over - 0 runs, 0 hits, 0 errors, 0 left on base; California 2 - Toronto 0 |
| TOP OF THE 5TH |
|
California Angels batting - Pitching for Toronto Blue Jays : RHP Ron Romanick
|
|
Pitching: RHP Juan Gutierrez
|
|
|
Batting: SHB Ignacio Medina
|
0-0: Ball 1-0: Ball 2-0: Ball 3-0: Called Strike 3-1: Base on Balls
|
|
Batting: RHB Rafael Ramirez
|
0-0: Called Strike 0-1: Foul Ball, location: 2F 0-2: Foul Ball, location: 2F 0-2: SINGLE (Line Drive, 4M, EV 98.1 MPH) Ignacio Medina to second Runner from 2nd tries for 3rd, SAFE after rundown.
|
|
Batting: RHB Frank White
|
0-0: Ball 1-0: Ball 2-0: SINGLE (Groundball, 4MD, EV 99.4 MPH) Ignacio Medina scores Rafael Ramirez to second Runner from 2nd tries for 3rd, SAFE, throw by CF made to third
|
|
Batting: RHB Carlos Pimentel
|
0-0: Called Strike 0-1: Swinging Strike 0-2: Foul Ball, location: 2F 0-2: Ball 1-2: Foul Ball, location: 2F 1-2: Ball 2-2: SINGLE (Groundball, 25, EV 68.8 MPH) (infield hit) Frank White to second
|
|
Batting: SHB Jon Hernandez
|
0-0: Ball 1-0: Foul Ball, location: 2F 1-1: Foul Ball, location: 2F 1-2: Fly out, F8 (Flyball, 8LS, EV 85.0 MPH)
|
|
Batting: LHB Jason D Thompson
|
0-0: Called Strike 0-1: Ball 1-1: Ball 2-1: Swinging Strike 2-2: Foul Ball, location: 2F 2-2: Strikes out swinging
|
|
Batting: RHB Charlie Moore
|
0-0: Ball 1-0: Fly out, F3 (Line Drive, 3, EV 73.1 MPH)
|
| Top of the 5th over - 1 run, 3 hits, 0 errors, 3 left on base; California 3 - Toronto 0 |
| BOTTOM OF THE 5TH |
|
Toronto Blue Jays batting - Pitching for California Angels : RHP Rafael Jimenez
|
|
Pitching: LHP Tug McGraw
|
|
|
Batting: LHB Darryl Strawberry
|
0-0: Foul Ball, location: 2F 0-1: Ball 1-1: Swinging Strike 1-2: Ball 2-2: Ball 3-2: Foul Ball, location: 2F 3-2: Base on Balls
|
|
Batting: RHB Cal Ripken
|
0-0: Ball 1-0: Ball 2-0: Called Strike 2-1: Sac Bunt to 15 - play at first, batter OUT! 1-3 Darryl Strawberry to second
|
|
Batting: LHB Paul O'Neill
|
0-0: Ball 1-0: Called Strike Darryl Strawberry steals 3rd base 1-1: Called Strike 1-2: Ball 2-2: Foul Ball, location: 2F 2-2: SINGLE (Flyball, 8RS, EV 90.0 MPH) Darryl Strawberry scores
|
|
Batting: RHB Fritzie Connally
|
0-0: Called Strike 0-1: Reached on error, E5 (Groundball, 56, EV 91.3 MPH) Paul O'Neill to second
|
|
Batting: SHB Harold Reynolds
|
0-0: Ball 1-0: Ball 2-0: Fly out, F6 (Line Drive, 6, EV 70.0 MPH)
|
|
Batting: LHB Sheldon Mallory
|
0-0: Ground out 3-1 (Groundball, 34, EV 84.4 MPH)
|
| Bottom of the 5th over - 1 run, 1 hit, 1 error, 2 left on base; California 3 - Toronto 1 |
| TOP OF THE 6TH |
|
California Angels batting - Pitching for Toronto Blue Jays : RHP Juan Gutierrez
|
|
Batting: LHB John Milner
|
0-0: Ball 1-0: Swinging Strike 1-1: Ball 2-1: Foul Ball, location: 2F 2-2: Ball 3-2: Base on Balls
|
|
Batting: SHB Manny Castillo
|
0-0: Foul Ball, location: 2F 0-1: Ball 1-1: Ball 2-1: Fly out, F7 (Flyball, 7LS, EV 81.3 MPH)
|
|
Batting: SHB Ignacio Medina
|
0-0: Called Strike 0-1: SINGLE (Line Drive, 34D, EV 98.1 MPH) John Milner to second Runner from 2nd tries for 3rd, SAFE, no throw by RF
|
|
Batting: RHB Rafael Ramirez
|
0-0: Called Strike 0-1: Fly out, F6 (Flyball, 5D, EV 71.9 MPH)
|
|
Pinch Hitting: RHB Duke Hinds
|
0-0: Ball 1-0: Called Strike 1-1: Ball 2-1: Ground out 6-3 (Groundball, 6MD, EV 88.1 MPH)
|
| Top of the 6th over - 0 runs, 1 hit, 0 errors, 2 left on base; California 3 - Toronto 1 |
| BOTTOM OF THE 6TH |
|
Toronto Blue Jays batting - Pitching for California Angels : LHP Tug McGraw
|
|
Now at 2B: Dave L Stapleton
|
|
|
Batting: RHB Jose Gonzalez
|
0-0: Ball 1-0: Ball 2-0: Called Strike 2-1: Ground out 4-3 (Groundball, 4, EV 93.1 MPH)
|
|
Batting: RHB Andres Galarraga
|
0-0: Ball 1-0: Foul Ball, location: 2F 1-1: Swinging Strike 1-2: SINGLE (Line Drive, 6MD, EV 96.3 MPH)
|
|
Batting: RHB Juan Monasterio
|
0-0: SINGLE (Groundball, 6MD, EV 95.0 MPH) Andres Galarraga to second Runner from 2nd tries for 3rd, SAFE, no throw by CF
|
|
Batting: LHB Darryl Strawberry
|
0-0: Ball 1-0: Called Strike 1-1: Fly out, F9 (Flyball, 89S, EV 81.3 MPH)
|
|
Batting: RHB Cal Ripken
|
0-0: Foul Ball, location: 2F 0-1: Ball 1-1: Ball 2-1: Ground out U3 (Groundball, 3, EV 79.4 MPH)
|
| Bottom of the 6th over - 0 runs, 2 hits, 0 errors, 2 left on base; California 3 - Toronto 1 |
| TOP OF THE 7TH |
|
California Angels batting - Pitching for Toronto Blue Jays : RHP Juan Gutierrez
|
|
Batting: RHB Carlos Pimentel
|
0-0: Ball 1-0: Called Strike 1-1: Called Strike 1-2: SINGLE (Line Drive, 6D, EV 95.0 MPH)
|
|
Batting: SHB Jon Hernandez
|
0-0: Fielders Choice at 2nd, 6-4 (Groundball, 6MD, EV 106.3 MPH)
|
|
Batting: LHB Jason D Thompson
|
0-0: Called Strike 0-1: Swinging Strike 0-2: Ball 1-2: Strikes out swinging
|
|
Pitching: RHP Stephen Szorc
|
|
|
Batting: RHB Charlie Moore
|
0-0: Foul Ball, location: 2F 0-1: Called Strike 0-2: Ball 1-2: Foul Ball, location: 2F 1-2: Ball 2-2: SINGLE (Line Drive, 78S, EV 102.5 MPH) Jon Hernandez to second
|
|
Pinch Hitting: LHB Brian Rosinski
|
0-0: Ball 1-0: Called Strike 1-1: Called Strike 1-2: Ground out U3 (Groundball, 3, EV 83.8 MPH)
|
| Top of the 7th over - 0 runs, 2 hits, 0 errors, 2 left on base; California 3 - Toronto 1 |
| BOTTOM OF THE 7TH |
|
Toronto Blue Jays batting - Pitching for California Angels : LHP Tug McGraw
|
|
Now in LF: Brian Rosinski
|
|
|
Batting: LHB Paul O'Neill
|
0-0: Foul Ball, location: 2F 0-1: Ball 1-1: Ball 2-1: Called Strike 2-2: Strikes out swinging
|
|
Batting: RHB Fritzie Connally
|
0-0: Ball 1-0: Foul Ball, location: 2F 1-1: SINGLE (Groundball, 34D, EV 104.4 MPH)
|
|
Pitching: RHP David Smith
|
|
|
Batting: SHB Harold Reynolds
|
0-0: Called Strike 0-1: Ball 1-1: Foul Ball, location: 2F 1-2: Foul Ball, location: 2F 1-2: Ball 2-2: Ball 3-2: Foul Ball, location: 2F 3-2: Base on Balls Fritzie Connally to second
|
|
Pinch Hitting: RHB Hubie Brooks
|
0-0: Called Strike 0-1: Swinging Strike 0-2: Ball 1-2: Ball 2-2: Strikes out swinging
|
|
Pinch Hitting: LHB Ray Cosey
|
0-0: Ball 1-0: Called Strike 1-1: SINGLE (Line Drive, 8RS, EV 91.9 MPH) Fritzie Connally to third Harold Reynolds to second Runner from 3rd tries for Home, SAFE, throw by CF to home
|
|
Batting: RHB Andres Galarraga
|
0-0: Called Strike 0-1: SINGLE (Groundball, 4MD, EV 95.6 MPH) Harold Reynolds to third Ray Cosey to second
|
|
Pinch Hitting: RHB Jeremy Nelson
|
0-0: Called Strike 0-1: Ball 1-1: GRAND SLAM HOME RUN (Flyball, 7LD, EV 104.4 MPH), Distance : 361 ft
|
|
Pitching: RHP LaMarr Hoyt
|
|
|
Batting: RHB Dave Meier
|
0-0: Fly out, F8 (Flyball, 8RD, EV 103.1 MPH)
|
| Bottom of the 7th over - 5 runs, 4 hits, 0 errors, 0 left on base; California 3 - Toronto 6 |
| TOP OF THE 8TH |
|
California Angels batting - Pitching for Toronto Blue Jays : RHP Stephen Szorc
|
|
Now at 3B: Jose Canseco
|
|
|
Now in CF: Ray Cosey
|
|
|
Now in RF: Manny Leal
|
|
|
Pinch Hitting: LHB Geno Petralli
|
0-0: Called Strike 0-1: Fly out, F8 (Flyball, 8LD, EV 87.5 MPH)
|
|
Pinch Hitting: LHB Franklin Lopez
|
0-0: Ball 1-0: Ball 2-0: Ball 3-0: Base on Balls
|
|
Pinch Hitting: RHB Jeff Atherton
|
0-0: Fly out, F9 (Flyball, 89M, EV 93.8 MPH)
|
|
Batting: RHB Dave L Stapleton
|
0-0: Ball 1-0: Called Strike 1-1: Ball 2-1: Fly out, F3 (Popup, 3SF, EV 70.0 MPH)
|
| Top of the 8th over - 0 runs, 0 hits, 0 errors, 1 left on base; California 3 - Toronto 6 |
| BOTTOM OF THE 8TH |
|
Toronto Blue Jays batting - Pitching for California Angels : RHP LaMarr Hoyt
|
|
Now at 3B: Geno Petralli
|
|
|
Now at SS: Jeff Atherton
|
|
|
Now in RF: Franklin Lopez
|
|
|
Pinch Hitting: RHB Jose Carrillo
|
0-0: Ground out 6-3 (Groundball, 6, EV 88.8 MPH)
|
|
Pinch Hitting: LHB Jon Jimenez
|
0-0: Ball 1-0: Ground out 5-3 (Groundball, 56S, EV 78.8 MPH)
|
|
Pinch Hitting: RHB Dann Bilardello
|
0-0: Fly out, F8 (Flyball, 8RM, EV 90.6 MPH)
|
| Bottom of the 8th over - 0 runs, 0 hits, 0 errors, 0 left on base; California 3 - Toronto 6 |
| TOP OF THE 9TH |
|
California Angels batting - Pitching for Toronto Blue Jays : RHP Stephen Szorc
|
|
Now at 1B: Jim G Wilson
|
|
|
Now at SS: Jose Carrillo
|
|
|
Now in LF: Jon Jimenez
|
|
|
Batting: RHB Carlos Pimentel
|
0-0: Called Strike 0-1: Fly out, F8 (Flyball, 8RM, EV 80.6 MPH)
|
|
Batting: SHB Jon Hernandez
|
0-0: Ball 1-0: Ball 2-0: Called Strike 2-1: Ground out 3-1 (Groundball, 34, EV 101.9 MPH)
|
|
Batting: LHB Jason D Thompson
|
0-0: Ball 1-0: Ball 2-0: Ball 3-0: Base on Balls
|
|
Pinch Hitting: RHB Mike Bishop
|
0-0: Ball 1-0: Called Strike 1-1: Ball 2-1: Swinging Strike 2-2: Strikes out swinging
|
| Top of the 9th over - 0 runs, 0 hits, 0 errors, 1 left on base; California 3 - Toronto 6 |
|